 Dungeon Crawl Stone Soup version 0.28.0-45-g0d030f2227 (webtiles) character file.

Game seed: 6685259607991930094

127 Ablot the Cutter (level 5, 0/47 HPs)
             Began as a Gnoll Chaos Knight on Apr 16, 2022.
             Was a Plaything of Xom.
             Slain by Natasha (7 damage)
             ... on level 3 of the Dungeon.
             The game lasted 00:03:38 (2605 turns).

Ablot the Cutter (Gnoll Chaos Knight)               Turns: 2605, Time: 00:03:39

Health: 0/47       AC:  7    Str: 13      XL:     5   Next: 11%
Magic:  7/7        EV: 10    Int: 11 (12) God:    Xom [*.....]
Gold:   100        SH:  0    Dex:  7 (11) Spells: 6/6 levels left

rFire   . . .      SeeInvis .   a - +0 short sword (chaos)
rCold   + . .      Faith    .   (no shield)
rNeg    . . .      Spirit   .   o - +0 ring mail {rC+}
rPois   .          Reflect  .   k - +1 hat {Stlth+}
rElec   .          Harm     .   (no cloak)
rCorr   .          Rampage  .   (no gloves)
Will    +....                   (no boots)
Stlth   ++........              (no amulet)
HPRegen 0.15/turn               i - ring of willpower
MPRegen 0.10/turn               (no ring)

@: no status effects
A: fangs 1, strong nose, distributed training, deterioration 1
a: Renounce Religion


You were on level 3 of the Dungeon.
You worshipped Xom.
You were a special plaything of Xom.
You visited 1 branch of the dungeon, and saw 3 of its levels.

You collected 100 gold pieces.

Inventory:

Hand Weapons
 a - a +0 short sword of chaos (weapon)
Missiles
 h - 61 stones (quivered)
 m - 2 boomerangs
 n - 30 arrows
Armour
 k - a +1 hat of stealth (worn)
 o - a +0 ring mail of cold resistance (worn)
Jewellery
 i - a ring of willpower (left hand)
Scrolls
 f - 5 scrolls of identify {unknown}
 g - a scroll of teleportation {unknown}
 j - a scroll of magic mapping {unknown}
 l - a scroll of enchant weapon {unknown}
Potions
 c - a potion of resistance {unknown}
 d - 3 potions of degeneration {unknown}
 e - 5 potions of curing {unknown}


   Skills:
 + Level 6.6 Fighting
 + Level 6.6 Short Blades
 + Level 1.3 Long Blades
 + Level 1.3 Axes
 + Level 1.3 Maces & Flails
 + Level 1.3 Polearms
 + Level 1.3 Staves
 + Level 1.3 Slings
 + Level 1.3 Bows
 + Level 1.3 Crossbows
 + Level 1.3 Throwing
 + Level 4.7 Armour
 + Level 2.9 Dodging
 + Level 1.3 Stealth
 + Level 1.3 Shields
 + Level 1.3 Unarmed Combat
 + Level 1.3 Spellcasting
 + Level 1.1 Conjurations
 + Level 1.1 Hexes
 + Level 1.1 Summonings
 + Level 1.1 Necromancy
 + Level 1.1 Translocations
 + Level 1.1 Transmutations
 + Level 1.1 Fire Magic
 + Level 1.1 Ice Magic
 + Level 1.1 Air Magic
 + Level 1.1 Earth Magic
 + Level 1.1 Poison Magic
 + Level 1.5 Invocations
 + Level 1.3 Evocations


You had 6 spell levels left.
You didn't know any spells.
Your spell library contained the following spells:

 Spells                   Type           Power      Damage    Failure   Level
 Ensorcelled Hibernation  Hex/Ice        6%         N/A       52%         2
 Passwall                 Tmut/Erth      2%         N/A       52%         2
 Swiftness                Air            3%         N/A       75%         3


Dungeon Overview and Level Annotations

Branches:
Dungeon (3/15)

Altars:

Annotations:
D:3 Natasha


Innate Abilities, Weirdness & Mutations

You have very sharp teeth.
Your uncanny sense of smell can sniff out nearby items.
Your experience applies equally to all skills.
Your body sometimes deteriorates upon taking damage.


Message History

You hit something but do no damage.
Reactivating autopickup.
You feel a bit more experienced.
h - 61 stones (gained 17)
Things that are here:
a +0 dagger; a goblin corpse
Things that are here:
a +0 dagger; a goblin corpse
Things that are here:
a +0 dagger of chaos; a goblin corpse You now have 100 gold pieces (gained 12).
Natasha is nearby!
Natasha casts a spell at you. The magic dart hits you.
Natasha mumbles some strange words.
Natasha shimmers violently.
Natasha claws you.
You barely miss Natasha. Natasha claws you but does no damage.
You hit Natasha. Your bite misses Natasha.
Natasha is lightly wounded.
Natasha claws you.
You barely miss Natasha. Your bite misses Natasha.
Natasha is lightly wounded.
You completely miss Natasha.
Natasha is lightly wounded.
Natasha claws you but does no damage.
You closely miss Natasha. Your bite misses Natasha.
Natasha is lightly wounded.
Natasha claws you!
* * * LOW HITPOINT WARNING * * *
You hit Natasha but do no damage.
Natasha is lightly wounded.
Natasha claws you.
* * * LOW HITPOINT WARNING * * *
You completely miss Natasha.
Natasha is lightly wounded.
You hit Natasha.
Natasha's magic leaks into the air.
Natasha is moderately wounded.
Natasha claws you!
You die...

#.........##
#.......#..#########
#.......#...........
#...))..#..#########
#####.......#...
#..........##...#
#..........##....
...........##.#..#
#......@...##.#..#
#......h...##. ###
#..........# #.#
##.........# #..
##........# #.#
#........# #.#
#....###.# #.#
#....# .# #.. ∆
#....# ###


You could see Natasha (magic disrupted).

Vanquished Creatures
  Natasha (D:3)
  Robin (D:3)
  4 adders
  3 orcs (D:3)
  6 ball pythons
  5 bats
  4 endoplasms
  2 giant cockroaches (D:2)
  10 goblins
  5 hobgoblins
  2 jackals (D:3)
  2 kobolds (D:1)
  4 frilled lizards
  3 rats
52 creatures vanquished.

Notes
Turn   | Place    | Note
-------+----------+-------------------------------------------
     0 | D:1      | Ablot the Gnoll Chaos Knight began the quest for the Orb.
     0 | D:1      | Reached XP level 1. HP: 23/23 MP: 1/1
   149 | D:1      | Reached XP level 2. HP: 29/29 MP: 2/2
   206 | D:1      | XOM: silly message
   648 | D:2      | Reached XP level 3. HP: 32/35 MP: 3/3
   649 | D:2      | XOM: give mutations
   649 | D:2      | Gained mutation: Your body sometimes deteriorates upon
                  | taking damage. [Xom's mischief]
   649 | D:2      | Gained mutation: You occasionally shout uncontrollably at
                  | your foes. [Xom's mischief]
   649 | D:2      | Gained mutation: You are dopey. (Int -2) [Xom's mischief]
   870 | D:2      | Reached skill level 1 in Invocations
  1123 | D:2      | Found a faded altar of an unknown god.
  1344 | D:2      | XOM: summons 2 hostile demons
  1571 | D:3      | Noticed Natasha
  1582 | D:3      | Killed Natasha
  1583 | D:3      | Reached skill level 1 in Long Blades
  1583 | D:3      | Reached skill level 1 in Axes
  1583 | D:3      | Reached skill level 1 in Maces & Flails
  1583 | D:3      | Reached skill level 1 in Polearms
  1583 | D:3      | Reached skill level 1 in Staves
  1583 | D:3      | Reached skill level 1 in Slings
  1583 | D:3      | Reached skill level 1 in Bows
  1583 | D:3      | Reached skill level 1 in Crossbows
  1583 | D:3      | Reached skill level 1 in Throwing
  1583 | D:3      | Reached skill level 1 in Stealth
  1583 | D:3      | Reached skill level 1 in Shields
  1583 | D:3      | Reached skill level 1 in Unarmed Combat
  1583 | D:3      | Reached skill level 1 in Spellcasting
  1583 | D:3      | Reached skill level 1 in Evocations
  1583 | D:3      | Reached XP level 4. HP: 34/41 MP: 5/5
  1728 | D:3      | Noticed Robin
  1739 | D:3      | XOM: give mutations
  1739 | D:3      | Lost mutation: You occasionally shout uncontrollably at
                  | your foes. [Xom's mischief]
  1739 | D:3      | Lost mutation: You are dopey. (Int -2) [Xom's mischief]
  1748 | D:3      | Killed Robin
  1749 | D:3      | Reached skill level 1 in Conjurations
  1749 | D:3      | Reached skill level 1 in Hexes
  1749 | D:3      | Reached skill level 1 in Summonings
  1749 | D:3      | Reached skill level 1 in Necromancy
  1749 | D:3      | Reached skill level 1 in Translocations
  1749 | D:3      | Reached skill level 1 in Transmutations
  1749 | D:3      | Reached skill level 1 in Fire Magic
  1749 | D:3      | Reached skill level 1 in Ice Magic
  1749 | D:3      | Reached skill level 1 in Air Magic
  1749 | D:3      | Reached skill level 1 in Earth Magic
  1749 | D:3      | Reached skill level 1 in Poison Magic
  2222 | D:3      | XOM: 2-stop teleportation journey
  2240 | D:3      | XOM: summons 1 hostile demon
  2284 | D:3      | Reached XP level 5. HP: 19/47 MP: 5/7
  2284 | D:3      | Noticed Natasha
  2288 | D:3      | XOM: 1-stop teleportation journey
  2572 | D:3      | XOM: chaos upgrade
  2605 | D:3      | Slain by Natasha

Illustrated notes

Levels and vault maps discovered:
D:1:      lightli_arrival_maybe_door_vault, layout_loops_cross,
          serial_bayou_pond_d
D:2:      layout_loops_ring, basic_ecumenical_altar, kennysheep_generic_room_13
D:3:      layout_basic, tgw_xom, nicolae_overflow_ecumenical_swirl, uniq_robin,
          uniq_natasha, uniq_sigmund

Skill      XL: |  1  2  3  4 |
---------------+-------------+-----
Invocations    | 1 |  1.5
Long Blades    | 1 |  1.3
Axes           | 1 |  1.3
Maces & Flails | 1 |  1.3
Polearms       | 1 |  1.3
Staves         | 1 |  1.3
Slings         | 1 |  1.3
Bows           | 1 |  1.3
Crossbows      | 1 |  1.3
Throwing       | 1 |  1.3
Stealth        | 1 |  1.3
Shields        | 1 |  1.3
Unarmed Combat | 1 |  1.3
Spellcasting   | 1 |  1.3
Evocations     | 1 |  1.3
Conjurations   | 1 |  1.1
Hexes          | 1 |  1.1
Summonings     | 1 |  1.1
Necromancy     | 1 |  1.1
Translocations | 1 |  1.1
Transmutations | 1 |  1.1
Fire Magic     | 1 |  1.1
Ice Magic      | 1 |  1.1
Air Magic      | 1 |  1.1
Earth Magic    | 1 |  1.1
Poison Magic   | 1 |  1.1
Fighting       | |  6.6
Short Blades   | |  6.6
Armour         | |  4.7
Dodging        | |  2.9

Action                   |  1- 3 |  4- 6 || total
-------------------------+-------+-------++-------
Melee: Short sword       |    74 |   120 ||   194
       Bite              |     5 |     7 ||    12
       Punch             |       |     1 ||     1
 Stab: Sleeping          |     2 |     2 ||     4
       Paralysed         |     1 |       ||     1
Armor: Leather armour    |    22 |    13 ||    35
       Ring mail         |       |    52 ||    52
Dodge: Dodged            |    40 |    73 ||   113
